 Dungeon Crawl Stone Soup version 0.17-a0-963-gaa5423c (webtiles) character file.

48 boffreak the Shield-Bearer (level 4, 0/35 HPs)
             Began as a Formicid Fighter on May 8, 2015.
             Slain by a white imp (2 damage)
             ... summoned by Natasha
             ... on level 2 of the Dungeon.
             The game lasted 00:02:10 (1102 turns).

boffreak the Shield-Bearer (Formicid Fighter)       Turns: 1102, Time: 00:02:11

Health: 0/35       AC:  8    Str: 21    XL:     4   Next: 0%
Magic:  13/13      EV:  8    Int:  8    God:
Gold:   152        SH:  9    Dex: 10    Spells: 0 memorised, 3 levels left

rFire  . . .     SeeInvis +     a - +0 war axe
rCold  . . .     Clarity  .     b - +0 scale mail
rNeg   . . .     SustAb   .     c - +0 shield
rPois  .         Gourm    .     (helmet unavailable)
rElec  .         Spirit   .     (no cloak)
rCorr  .         Warding  .     f - +0 pair of gloves
rMut   .         Stasis   +     (no boots)
MR     .....                    (no amulet)
Stlth  ..........               (no ring)
                                n - ring of magical power

@: not resistant to hostile enchantments, extremely unstealthy
A: permanent stasis, dig shafts and tunnels, four strong arms, antennae 3
a: Dig, Shaft Self


You were on level 2 of the Dungeon.
You were very hungry.

You visited 1 branch of the dungeon, and saw 2 of its levels.

You collected 152 gold pieces.

Inventory:

Hand weapons
 a - a +0 war axe (weapon)
Armour
 b - a +0 scale mail (worn)
 c - a +0 shield (worn)
 f - a +0 pair of gloves (worn)
Jewellery
 n - a ring of magical power (left hand)
Scrolls
 g - a scroll of enchant armour {unknown}
 h - a scroll of identify {unknown}
 i - a scroll of fog {unknown}
 m - a scroll of teleportation {unknown}
 r - a scroll of remove curse {unknown}
Potions
 d - 2 potions of might
 j - a potion of flight {unknown}
 k - 3 potions of curing {unknown}
 o - a potion of poison {unknown}
 q - a potion of cure mutation {unknown}
Comestibles
 e - 2 bread rations
 l - 2 meat rations
 p - a beef jerky


   Skills:
 - Level 3.2 Fighting
 * Level 3.3 Axes
 + Level 3.5 Armour
 + Level 4.1 Shields


You had 3 spell levels left.
You didn't know any spells.

Dungeon Overview and Level Annotations

Branches:
Dungeon (2/15)

Altars:
Xom

Annotations:
D:2 Natasha


Innate Abilities, Weirdness & Mutations

You are under a permanent stasis effect.
You can dig through walls and to a lower floor.
Your four strong arms can wield two-handed weapons with a shield.
You have a pair of large antennae on your head (SInv).


Message History

The white imp gestures at you. The puff of frost hits you!
* * * LOW HITPOINT WARNING * * *
You take 4 damage, and have 15/35 hp.
You hit Natasha. You hit the white imp but do no damage.
Natasha growls.
Natasha stares at you and mumbles some strange words.
Your stasis keeps you stable.
The white imp hits you but does no damage.
Natasha barely misses you.
You are feeling very hungry.
You closely miss Natasha.
Your scale mail prevents you from hitting the white imp.
The white imp gestures at you. The puff of frost hits you!
* * * LOW HITPOINT WARNING * * *
Natasha barely misses you. The white imp hits you.
* * * LOW HITPOINT WARNING * * *
The white imp freezes you.
You die...

#..........##...........
##...##....##.##........
#.####...##....##.##........
#...........................
#.####............. .....
#..........#.# ..#...
#.#.##.......# ..#...
#.#.##........ ......
#.#.##@....#.# ......
#.#...5h.....# ......
#.####.......# ...... #.
#..)..... ...... ......#.#
...... ###...... ......
...... ...... #.##.# ###.#.
####


You could see Natasha and a white imp.

Vanquished Creatures
  An adder (D:2)
  A giant gecko (D:1)
  7 bats
  2 giant cockroaches
  2 hobgoblins
  6 kobolds
  3 giant newts
  8 goblins (D:1)
  3 jackals (D:1)
  6 rats
39 creatures vanquished.

Notes
Turn   | Place    | Note
--------------------------------------------------------------
     0 | D:1      | boffreak, the Formicid Fighter, began the quest for the Orb.
     0 | D:1      | Reached XP level 1. HP: 18/18 MP: 1/1
   126 | D:1      | Reached XP level 2. HP: 20/24 MP: 2/2
   267 | D:1      | Reached XP level 3. HP: 29/29 MP: 3/3
   379 | D:1      | Reached skill level 4 in Shields
   612 | D:2      | Found a shimmering altar of Xom.
  1085 | D:2      | Noticed Natasha
  1096 | D:2      | Reached XP level 4. HP: 21/35 MP: 4/4
  1102 | D:2      | Slain by a white imp

Action                   |  1- 3 |  4- 6 || total
-------------------------+-------+-------++-------
Melee: War axe           |   134 |     6 ||   140
